 Dungeon Crawl Stone Soup version 0.29.1-15-g9cfb28693d (webtiles) character file.

Game seed: 1050151897298091118

1417 boopmooplesden the Cleaver (level 8, -11/67 (71) HPs)
             Began as a Minotaur Berserker on Mar 8, 2023.
             Was a Priest of Trog.
             Killed from afar by Maggie (19 damage)
             ... with a bolt of fire
             ... on level 6 of the Dungeon.
             The game lasted 00:06:26 (7071 turns).

boopmooplesden the Cleaver (Minotaur Berserker)     Turns: 7071, Time: 00:06:27

HP:   -11/67 (71)   AC: 14    Str: 31    XL:     8   Next: 43%
MP:   7/7           EV:  9    Int:  4    God:    Trog [***...]
Gold: 237           SH:  7    Dex:  9    Spells: 7/7 levels left

rFire   . . .      SeeInvis .   a - +0 hand axe
rCold   + . .      Faith    .   r - +0 kite shield
rNeg    + . .      Spirit   .   k - +0 pearl dragon scales
rPois   .          Reflect  .   (helmet restricted)
rElec   .          Harm     .   p - +0 cloak
rCorr   .          Rampage  .   (no gloves)
Will    .....                   (no boots)
Stlth   ..........              (no amulet)
HPRegen 0.21/turn               n - +6 ring of strength
MPRegen 0.10/turn               f - ring of protection from cold

@: mesmerised, drained
A: horns 2, retaliatory headbutt
a: Renounce Religion, Berserk, Trog's Hand


You were on level 6 of the Dungeon.
You worshipped Trog.
Trog was most pleased with you.
You visited 1 branch of the dungeon, and saw 6 of its levels.

You collected 237 gold pieces.

Inventory:

Hand Weapons
 a - a +0 hand axe (weapon)
Missiles
 l - 2 throwing nets (quivered)
Armour
 b - a +0 animal skin
 g - a +0 ring mail
 k - +0 pearl dragon scales (worn)
 p - a +0 cloak (worn)
 r - a +0 kite shield (worn)
Jewellery
 d - a ring of magical power
 f - a ring of protection from cold (right hand)
 n - a +6 ring of strength (left hand)
Wands
 v - a wand of digging (7)
Scrolls
 c - 2 scrolls of magic mapping
 h - 4 scrolls of identify
 s - 2 scrolls of noise {unknown}
 t - a scroll of fear {unknown}
 u - a scroll of butterflies
Potions
 e - 4 potions of curing
 i - a potion of haste {unknown}
 j - 2 potions of resistance {unknown}
 m - 2 potions of magic {unknown}
 o - a potion of attraction {unknown}
 q - a potion of might {unknown}


   Skills:
 + Level 6.6 Fighting
 + Level 8.4 Axes
 + Level 6.7 Armour
 + Level 4.5 Dodging
 + Level 0.9 Stealth
 + Level 2.0 Shields


You had 7 spell levels left.
You didn't know any spells.
Your spell library was empty.

Dungeon Overview and Level Annotations

Branches:
Dungeon (6/15)
 Temple: D:4-7

Altars:
Hepliaklqana
Uskayaw
Zin

Shops:
D:4 [=

Annotations:
D:6 Maggie


Innate Abilities, Weirdness & Mutations

You have a pair of horns on your head.
You reflexively headbutt those who attack you in melee.


Message History

You partially resist.
You feel drained.
You hit Maggie but do no damage. You headbutt Maggie, but do no damage.
Maggie is moderately wounded.
Maggie hits you with a +0 morningstar of draining!
You partially resist.
You feel drained.
You closely miss Maggie.
Maggie is moderately wounded.
Maggie hits you but does no damage. You partially resist.
You hit Maggie. You headbutt Maggie, but do no damage.
Maggie is moderately wounded.
Maggie mumbles some strange words.
Maggie draws you further into her thrall.
You hit Maggie.
Maggie is heavily wounded.
Maggie hits you but does no damage. You partially resist.
You hit Maggie. You headbutt Maggie!
Maggie is severely wounded.
Maggie gives herself a magical halo, but it quickly sputters out.
You block Maggie's attack.
You hit Maggie but do no damage.
Maggie is severely wounded.
Maggie barely misses you.
You hit Maggie.
Maggie is severely wounded.
Maggie hits you with a +0 morningstar of draining!
You partially resist.
You feel drained.
You closely miss Maggie.
Maggie is severely wounded.
Maggie closely misses you.
You hit Maggie.
Maggie is almost dead.
Maggie points at you and mumbles some strange words.
The bolt of fire hits you!
* * * LOW HITPOINT WARNING * * *
You hit Maggie.
Maggie is almost dead.
Maggie hits you but does no damage. You partially resist.
Maggie casts a spell at you. The bolt of fire hits you!!
You die...

....#...## #.#
....###..# #.#
....####.# #.#
###......# ..
..)......###
###........## #
#......#..## #
#......##..#######
###......###....@@.#
.##......#
#######..#
###......# ....
#[....## ....
#####.### ### ....
####


You could see Maggie (mesmerising).

Vanquished Creatures
  The ghost of booth the Grave Robber, an amateur DsNe (D:5)
  A sky beast (D:6)
  An ice beast (D:6)
  A black bear (D:5)
  A phantom (D:5)
  A kobold brigand (D:6)
  Blork the orc (D:6)
  A gnoll sergeant (D:4)
  3 scorpions
  4 hounds
  2 orc priests
  A gnoll bouda (D:5)
  An iguana (D:5)
  3 orc wizards
  13 gnolls
  7 adders
  An ufetubus (D:4)
  A worm (D:4)
  14 orcs
  5 endoplasms
  4 giant cockroaches
  8 goblins
  6 hobgoblins
  4 jackals (D:1)
  2 quokkas
  8 ball pythons
  5 bats
  5 frilled lizards
  18 kobolds
  9 rats
132 creatures vanquished.

Vanquished Creatures (others)
  12 demonic plants (D:2)
  4 fungi (D:2)
  5 plants (D:2)
  4 withered plants (D:2)
25 creatures vanquished.

Grand Total: 157 creatures vanquished

Notes
Turn   | Place    | Note
-------+----------+-------------------------------------------
     0 | D:1      | boopmooplesden the Minotaur Berserker began the quest for
                  | the Orb.
     0 | D:1      | Reached XP level 1. HP: 19/19 MP: 0/0
   499 | D:1      | Reached skill level 4 in Axes
   499 | D:1      | Reached XP level 2. HP: 27/27 MP: 1/1
  1750 | D:2      | Reached XP level 3. HP: 16/33 MP: 2/2
  2134 | D:2      | Found a faded altar of an unknown god.
  2177 | D:2      | Reached XP level 4. HP: 31/41 MP: 3/3
  2403 | D:2      | Reached ** piety under Trog
  2799 | D:3      | Found a glowing silver altar of Zin.
  2809 | D:3      | Reached skill level 5 in Axes
  2815 | D:3      | Reached XP level 5. HP: 47/47 MP: 4/4
  3590 | D:4      | Reached skill level 5 in Fighting
  3590 | D:4      | Reached skill level 6 in Axes
  3594 | D:4      | Reached XP level 6. HP: 51/56 MP: 5/5
  4152 | D:4      | Found Tasy's Jewellery Shoppe.
  4722 | D:4      | Reached *** piety under Trog
  4817 | D:4      | Found Ifuawn's Antique Armour Shoppe.
  5026 | D:5      | Entered Level 5 of the Dungeon
  5048 | D:5      | Found a hide-covered altar of Uskayaw.
  5318 | D:5      | Reached XP level 7. HP: 61/61 MP: 6/6
  5414 | D:5      | Found a runed translucent door.
  5416 | D:5      | Noticed booth's ghost (amateur DsNe)
  5502 | D:5      | Reached skill level 5 in Armour
  5514 | D:5      | Reached skill level 7 in Axes
  6105 | D:5      | Killed booth's ghost
  6106 | D:5      | Reached skill level 1 in Shields
  6106 | D:5      | Reached XP level 8. HP: 25/70 MP: 7/7
  6400 | D:6      | Found a hazy altar of Hepliaklqana.
  6639 | D:6      | Noticed Blork the orc
  6649 | D:6      | Killed Blork the orc
  6690 | D:6      | Reached skill level 8 in Axes
  7051 | D:6      | Noticed Maggie
  7071 | D:6      | Killed from afar by Maggie

Illustrated notes

Levels and vault maps discovered:
D:1:      dpeg_arrival_shelter, layout_basic
D:2:      layout_basic, shapermc_ecumenical_altar_gd
D:3:      layout_loops_ring, zin_academy, minmay_close_crescents
D:4:      layout_loops_corners, serial_shops, kennysheep_mini_moat, shop,
          lightli_minifort
D:5:      layout_basic, mainiacjoe_overflow_alcove_2, ebering_ghost_sewer_d
D:6:      layout_basic, mainiacjoe_overflow_boulevard, minmay_liquid_box,
          uniq_maggie, uniq_blork_the_orc

Skill      XL: |  1  2  3  4  5  6  7  8 |
---------------+-------------------------+-----
Axes           | 4 5 6 7 8 |  8.4
Fighting       | 4 5 6 |  6.6
Dodging        | 3 4 |  4.5
Armour         | 3 4 6 |  6.7
Shields        | 1 2 |  2.0
Stealth        | |  0.9

Action                   |  1- 3 |  4- 6 |  7- 9 || total
-------------------------+-------+-------+-------++-------
Melee: Hand axe          |    78 |   178 |   141 ||   397
       Headbutt          |     8 |    29 |    21 ||    58
       Punch             |       |     1 |       ||     1
Invok: Berserk           |     1 |     3 |     2 ||     6
  Use: Scroll            |       |     6 |       ||     6
Armor: Animal skin       |    11 |       |       ||    11
       Pearl dragon scal |    16 |    83 |    84 ||   183
Dodge: Dodged            |    56 |    95 |    41 ||   192
Block: Kite shield       |       |     8 |    33 ||    41
